AoeStats
← opdolce

Black Forest

505715297Analyzed
3v3 RM · 21d ago on Sep 10, 2026· 35m 34s· 6 players
Game mode
Random Map
Map size
Normal (6 player)
Population
200
Speed
Normal
Resources
Standard
Victory
Conquest
Starting age
Dark Age
Ending age
Imperial Age
RankedLock teamsTeams togetherTeam positionsShared explorationLock speedFull tech treeHidden civsTurbo modeCheats
Victory
Defeat
🇷🇴 Bengalis · Romania
965
+14
🇹🇷 Persians · Türkiye
962
+14
🇹🇷 Malay · Türkiye
891
+17
🇫🇮 Bohemians · Finland
963
-17
🇫🇮 Hindustanis · Finland
962
-17
🇫🇮 Poles · Finland
820
-26
FVRIVS
5:57 Loom
14:08 Feudal Age
18:08 Castle Age
16:27 Horse Collar
16:44 Double-Bit Axe
19:57 Bow Saw
19:49 Heavy Plow
24:25 Fletching
24:50 Crossbowman
KipeeUkkeli2000
13:12 Loom
17:39 Feudal Age
18:07 Double-Bit Axe
22:53 Wheelbarrow
25:36 Castle Age
24:50 Bloodlines
25:49 Forging
25:45 Scale Barding Armor
31:13 Wheelbarrow
30:25 Horse Collar
30:45 Stone Mining
33:16 Pikeman
35:06 Fletching
opdolce
6:21 Loom
12:32 Feudal Age
15:27 Town Watch
15:41 Town Watch
16:41 Horse Collar
19:19 Fletching
22:56 Forging
24:36 Padded Archer Armor
28:38 Wheelbarrow
30:30 Double-Bit Axe
33:16 Castle Age
34:49 Bodkin Arrow
dodo_kkl
2:14 Loom
12:22 Feudal Age
12:41 Double-Bit Axe
14:27 Man-at-Arms
21:07 Castle Age
20:12 Scale Barding Armor
19:52 Horse Collar
20:25 Gold Mining
21:22 Forging
23:00 Chain Barding Armor
26:22 Bow Saw
26:50 Gold Shaft Mining
28:10 Stone Mining
28:50 Crossbowman
32:14 Heavy Plow
33:32 Iron Casting
37:36 Imperial Age
35:44 Wheelbarrow
Nielu256
12:29 Feudal Age
17:16 Castle Age
15:24 Horse Collar
15:57 Double-Bit Axe
17:20 Fletching
19:39 Padded Archer Armor
21:57 Wheelbarrow
21:11 Loom
23:33 Bodkin Arrow
24:53 Stone Mining
24:56 Gold Mining
28:36 Bow Saw
33:06 Imperial Age
31:37 Hand Cart
31:07 Town Watch
32:04 Ballistics
31:54 Masonry
31:55 Fortified Wall
34:27 Bloodlines
34:17 Husbandry
34:55 Guilds
35:51 Chemistry
34:35 Treadmill Crane
35:01 Bracer
35:17 Leather Archer Armor
ChuckMawHinneyS
0:46 Loom
12:13 Feudal Age
11:58 Double-Bit Axe
19:00 Castle Age
17:04 Stone Mining
17:46 Horse Collar
19:28 Stone Shaft Mining
21:13 Wheelbarrow
21:25 Forging
24:22 Squires
29:21 Iron Casting
36:23 Imperial Age
35:18 Wheelbarrow
35:10 Town Watch
Connection lost

Rejoining the realm…

Still unreachable

The connection could not be restored.

Session expired

The server has moved on; the page needs a fresh start.